 Dungeon Crawl Stone Soup version 0.31-a0-543-geaa9c7a2c0 (webtiles) character file.

Game seed: 17749909292891839382

4 Ethylacetat the Insei (level 1, 0/14 HPs)
             Began as an Octopode Gladiator on Aug 15, 2023.
             Constricted to death by a ball python (1 damage)
             ... on level 1 of the Dungeon.
             The game lasted 00:00:11 (19 turns).

Ethylacetat the Insei (Octopode Gladiator)            Turns: 19, Time: 00:00:11

Health: 0/14       AC:  1    Str: 13    XL:     1   Next: 70%
Magic:  1/1        EV: 11    Int: 10    God:
Gold:   0          SH:  0    Dex: 13    Spells: 0/0 levels left

rFire   . .          .
                       - Unarmed
rCold   . . .        (no shield)
rNeg    . . .        a - +0 hat
rPois   .            (no amulet)
rElec   .            (no ring)
rCorr   .            (no ring)
SInv    .            (no ring)
Will    .....        (no ring)
Stlth   ++           (no ring)
HPRegen 0.22/turn    (no ring)
MPRegen 0.07/turn    (no ring)
                     (no ring)

%: no passive effects
@: constricted
A: almost no armour, amphibious, 8 rings, camouflage 1, gelatinous body 1,
(nimble swimmer 1), tentacles
a: no special abilities


You were on level 1 of the Dungeon.
You visited 1 branch of the dungeon, and saw 1 of its levels.

Inventory:

Missiles
 b - 3 throwing nets (quivered)
 c - a javelin
Armour
 a - a +0 hat (worn)


   Skills:
 + Level 2.1 Fighting
 - Level 2.0 Throwing
 + Level 3.1 Dodging
 + Level 3.1 Unarmed Combat


You couldn't memorise any spells.
You didn't know any spells.
Your spell library was empty.

Dungeon Overview and Level Annotations

Branches:
Dungeon (1/15)

Altars:


Innate Abilities, Weirdness & Mutations

You cannot wear most types of armour.
You are amphibious.
You can wear up to eight rings at the same time.
Your skin changes colour to match your surroundings (Stealth+).
Your rubbery body absorbs attacks. (AC +1, EV +1)
((You are camouflaged when in or above water. (Stealth+)))
You have tentacles for arms and can constrict up to eight enemies at once.


Message History

A bat comes into view.
A ball python comes into view.
A ball python comes into view.
A rat comes into view.
There are monsters nearby!
The ball python hisses angrily. x2
You tentacle-slap the goblin.
You kill the goblin!
There are monsters nearby!
A kobold comes into view. It is wielding a +0 dagger.
The bat hits you but does no damage.
The ball python bites you but does no damage.
The ball python barely misses you.
You see here a +0 club.
There are monsters nearby!
You closely miss the ball python.
The kobold shouts!
You grab the ball python. You squeeze the ball python.
You kill the ball python!
The bat closely misses you.
The kobold throws a stone.
The stone hits you. The ball python misses you.
The ball python closely misses you. The bat hits you but does no damage.
You see here a ball python corpse.
You tentacle-slap the bat.
You kill the bat!
The ball python bites you. The ball python barely misses you.
The ball python bites you. The ball python misses you.
The kobold throws a stone.
The stone barely misses you. The ball python bites you.
* * * LOW HITPOINT WARNING * * *
The ball python grabs you. The ball python constricts you.
* * * LOW HITPOINT WARNING * * *
You are too injured to fight recklessly!
Unknown command.
You are too injured to fight recklessly!
You are too injured to fight recklessly!
You are too injured to fight recklessly!
You barely miss the ball python. Your grab misses the ball python.
The ball python misses you. The rat bites you.
* * * LOW HITPOINT WARNING * * *
The ball python barely misses you. The ball python constricts you.
You die...

........## #.
###......#... #.
#.......#.... #.
#............
#.##..?....#....
...........K#...
#####.#.....r..(#
#.....#...)@S..#
#........###S.#...#
.###.....##.# .....
. .........##.#
....#..
.##.....##.. ......
#####.##### ......#
##≈#.#≈## .......
##≈P≈.≈P≈## ....###
#≈P8P.P8P≈#


You could see 2 ball pythons, a kobold and a rat.

Vanquished Creatures
  A ball python (D:1)
  An endoplasm (D:1)
  A goblin (D:1)
  A bat (D:1)
4 creatures vanquished.

Notes
Turn   | Place    | Note
-------+----------+-------------------------------------------
     0 | D:1      | Ethylacetat the Octopode Gladiator began the quest for the
                  | Orb.
     0 | D:1      | Reached XP level 1. HP: 14/14 MP: 1/1
    19 | D:1      | Constricted to death by a ball python

Illustrated notes

Levels and vault maps discovered:
D:1:      ldierk_walled_garden_2, layout_basic, minmay_splitting_lines,
          chequers_serial_rivers_small_3, minmay_misc_feat_x

Action                     || total
---------------------------++-------
  Melee: Unarmed           ||     7
         Constrict         ||     1
         Tentacles         ||     1
   Stab: Sleeping          ||     1
 Armour: Skin              ||     3
  Dodge: Dodged            ||     9

Table legend: (Time is in decaauts)
 A = Elapsed time spent in this place.
 B = Non-inter-level travel time spent in this place.
 C = Inter-level travel time spent in this place.
 D = Time resting spent in this place.
 E = Time spent auto-exploring this place.
 F = Levels seen in this place.
 G = Mean time per level.
                   A        B        C        D        E       F      G
               +--------+--------+--------+--------+--------+-----+--------+
         Total |     18 |     18 |      0 |      0 |      4 |   1 |   18.0 |
       Dungeon |     18 |     18 |      0 |      0 |      4 |   1 |   18.0 |
               +--------+--------+--------+--------+--------+-----+--------+

Top non-repeatable levels by time:
     D:1: 18 daAuts
